 Dungeon Crawl Stone Soup version 0.20.0-15-g7f486f2 (webtiles) character file.

56 Monsterracer the Slasher (level 3, -4/28 HPs)
             Began as a Barachi Skald on June 10, 2017.
             Was an Initiate of Ashenzari.
             Slain by a worm (7 damage)
             ... on level 2 of the Dungeon.
             The game lasted 00:03:47 (1290 turns).

Monsterracer the Slasher (Barachi Skald)            Turns: 1290, Time: 00:03:48

Health: -4/28      AC:  4    Str: 12    XL:     3   Next: 95%
Magic:  4/6        EV: 12    Int: 14    God:    Ashenzari [......]
Gold:   64         SH:  0    Dex: 11    Spells: 1/6 levels left

rFire    . . .     SeeInvis .   a - +0 falchion
rCold    . . .     Gourm    .   (no shield)
rNeg     . . .     Faith    .   b - +0 leather armour
rPois    .         Spirit   .   (no helmet)
rElec    .         Reflect  .   (no cloak)
rCorr    .         Harm     .   (no gloves)
MR       .....                  e - +0 pair of boots
Stlth    +.........             (no amulet)
Regen    0.1/turn               h - ring of flight
MPRegen  0.1/turn               (no ring)

@: infused, slow
A: +LOS, swims, slowness 1, strong legs 1
a: Hop, Curse Item, Renounce Religion, Evoke Flight


You were on level 2 of the Dungeon.
You worshipped Ashenzari.
Ashenzari was noncommittal.
You were not hungry.

You visited 1 branch of the dungeon, and saw 2 of its levels.

You collected 64 gold pieces.

Inventory:

Hand Weapons
 a - a +0 falchion (weapon)
Armour
 b - a +0 leather armour (worn)
 e - a +0 pair of boots (worn)
Jewellery
 h - a ring of flight (left hand)
Scrolls
 f - 3 scrolls of identify {unknown}
 i - 3 scrolls of teleportation {unknown}
 j - 2 scrolls of enchant weapon {unknown}
 n - a scroll of recharging {unknown}
Potions
 g - a potion of agility
 l - a potion of haste
Books
 c - a book of Battle

   Spells                             Type                      Level
   a - Infusion                       Charms                       1
   b - Shroud of Golubria             Charms/Translocation         2
   c - Song of Slaying                Charms                       2
   d - Spectral Weapon                Hexes/Charms                 3
   e - Regeneration                   Charms/Necromancy            3
Comestibles
 d - 2 bread rations
 m - 3 fruits


   Skills:
 - Level 2.4 Fighting
 + Level 5.0 Long Blades
 - Level 1.2 Armour
 - Level 2.1 Dodging
 - Level 2.1 Spellcasting
 - Level 3.2 Charms


You had one spell level left.
You knew the following spells:

 Your Spells              Type           Power        Failure   Level  Hunger
a - Infusion              Chrm           ##..         8%          1    #......
b - Song of Slaying       Chrm           ##......     12%         2    ###....
c - Shroud of Golubria    Chrm/Tloc      #.........   22%         2    ###....


Dungeon Overview and Level Annotations

Branches:
Dungeon (2/15)

Altars:
Ashenzari
Nemelex Xobeh
Vehumet
Zin

Shops:
D:2 *


Innate Abilities, Weirdness & Mutations

Shadows flee at your approach. (+LOS)
You can swim through water.
You cover ground slowly.
You can hop short distances.


Message History

You are too injured to fight recklessly!
You hit the worm.
The worm is moderately wounded.
The worm bites you!
* * * LOW HITPOINT WARNING * * *
You hit the worm but do no damage.
The worm is moderately wounded.
You hit the worm but do no damage.
The worm is moderately wounded.
The worm bites you!
* * * LOW HITPOINT WARNING * * *
Cast which spell? (? or * to list)
You begin infusing your attacks with magical energy.
The worm bites you but does no damage.
You barely miss the worm.
The worm is lightly wounded.
You hit the worm.
The worm is heavily wounded.
The worm bites you!
You die...

# #..#..#...##.........#
#.##...
###.######.....#####.###
#.##### ....### ###..##
#.# #.# ......# #.##
#.## #.#
#####<######..## #..##
#.##
#...#......######..#
#..# ###...#.......#
##.## ##.##
#.....>..w..# #..# #..#
####[.....@.# #..# ##.#
# ##.......####.## #.###
## #............# ##.#..
.## #........#####
###....# ..# #######..#
#....### #<# ...##
#.##..## #.# #####
#....... #.# #.......
#†# ###.......


You could see a worm.

Vanquished Creatures
  2 adders (D:2)
  An ooze (D:2)
  A worm (D:2)
  A dart slug (D:1)
  A leopard gecko (D:2)
  3 goblins
  5 hobgoblins
  6 kobolds
  5 bats
  2 frilled lizards (D:2)
  3 rats
30 creatures vanquished.

Notes
Turn   | Place    | Note
-------+----------+-------------------------------------------
     0 | D:1      | Monsterracer the Barachi Skald began the quest for the Orb.
     0 | D:1      | Reached XP level 1. HP: 17/17 MP: 3/3
    62 | D:1      | Found a sparkling altar of Nemelex Xobeh.
   138 | D:1      | Reached skill level 3 in Long Blades
   236 | D:1      | Reached XP level 2. HP: 23/23 MP: 5/5
   246 | D:1      | Learned a level 2 spell: Song of Slaying
   249 | D:1      | Learned a level 2 spell: Shroud of Golubria
   640 | D:2      | Found a glowing silver altar of Zin.
   641 | D:2      | Found Zin's Purification Station.
   747 | D:2      | Reached skill level 4 in Long Blades
   756 | D:2      | Reached XP level 3. HP: 23/28 MP: 6/6
   958 | D:2      | Found a radiant altar of Vehumet.
  1075 | D:2      | Found a shattered altar of Ashenzari.
  1105 | D:2      | Became a worshipper of Ashenzari the Shackled
  1208 | D:2      | Reached skill level 5 in Long Blades
  1290 | D:2      | Slain by a worm

Skill      XL: |  1  2  3 |
---------------+----------+-----
Long Blades    | 3 4 5 |  5.0
Fighting       | |  2.4
Armour         | |  1.2
Dodging        | |  2.1
Spellcasting   | |  2.1
Charms         | |  3.2

Action                   || total
-------------------------++-------
Melee: Falchion          ||    88
 Cast: Infusion          ||     1
  Use: Potion            ||     2
  Eat: Chunk             ||     2
Armor: Leather armour    ||    25
Dodge: Dodged            ||    60
       Rpst.: Falchion   ||    26
